 Dungeon Crawl Stone Soup version 0.20.0-4-g10b340a (webtiles) character file.

2221 Inarius the Magician (level 9, -2/69 HPs)
             Began as a Purple Draconian Venom Mage on May 27, 2017.
             Was an Initiate of Vehumet.
             Slain by an eight-headed hydra (4 damage)
             ... on level 7 of the Dungeon.
             The game lasted 00:35:15 (9049 turns).

Inarius the Magician (Purple Draconian Venom Mage)  Turns: 9049, Time: 00:35:16

Health: -2/69      AC:  7    Str: 12    XL:     9   Next: 13%
Magic:  12/19      EV: 13    Int: 22    God:    Vehumet [......]
Gold:   231        SH:  4    Dex: 11    Spells: 2/21 levels left

rFire    . . .     SeeInvis .   H - +4 trident "Atuing" {venom, Stlth+}
rCold    . . .     Gourm    .   (no shield)
rNeg     . . .     Faith    .   (armour unavailable)
rPois    .         Spirit   .   (helmet restricted)
rElec    .         Reflect  +   (no cloak)
rCorr    .         Harm     .   (no gloves)
MR       +....                  (no boots)
Stlth    ++++......             t - +4 amulet of reflection
Regen    0.3/turn               e - ring of stealth
MPRegen  0.2/turn               J - +4 ring of intelligence

@: very slightly contaminated
A: breathe power, unfitting armour, cold-blooded, AC +7
a: Breathe Dispelling Energy, Renounce Religion


You were on level 7 of the Dungeon.
You worshipped Vehumet.
Vehumet was noncommittal.
You were not hungry.

You visited 2 branches of the dungeon, and saw 8 of its levels.
You also visited: Sewer.

You collected 231 gold pieces.

Inventory:

Hand Weapons
 H - the +4 trident "Atuing" (weapon) {venom, Stlth+}
   (You found it on level 7 of the Dungeon)

   It poisons the flesh of those it strikes.
   It makes you more stealthy.
Jewellery
 e - a ring of stealth (left hand)
 o - an uncursed amulet of faith
 t - a +4 amulet of reflection (around neck)
 y - an uncursed ring of flight
 J - a +4 ring of intelligence (right hand)
Wands
 q - a wand of flame (12/48)
 I - a wand of iceblast (9/15)
Scrolls
 d - a scroll of blinking
 g - 2 scrolls of random uselessness {unknown}
 j - a scroll of remove curse
 k - a scroll of enchant weapon
 n - a scroll of fear {unknown}
 u - a scroll of holy word {unknown}
 v - a scroll of immolation {unknown}
 w - 5 scrolls of teleportation
 E - a scroll of amnesia {unknown}
Potions
 c - a potion of brilliance {unknown}
 f - a potion of cancellation
 h - 10 potions of curing {unknown}
 i - a potion of agility
 m - 3 potions of flight {unknown}
 r - a potion of ambrosia {unknown}
 s - a potion of resistance {unknown}
 x - a potion of mutation {unknown}
 F - a potion of might {unknown}
 G - a potion of lignification {unknown}
Books
 a - a Young Poisoner's Handbook

   Spells                             Type                      Level
   a - Sting                          Conjuration/Poison           1
   b - Poisonous Vapours              Poison/Air                   2
   c - Mephitic Cloud                 Conjuration/Poison/Air       3
   d - Olgreb's Toxic Radiance        Poison                       4
   e - Venom Bolt                     Conjuration/Poison           5
 B - a book of Cantrips

   Spells                             Type                      Level
   a - Confusing Touch                Hexes                        1
   b - Animate Skeleton               Necromancy                   1
   c - Summon Small Mammal            Summoning                    1
   d - Apportation                    Translocation                1
 C - a book of Misfortune

   Spells                             Type                      Level
   a - Confusing Touch                Hexes                        1
   b - Confuse                        Hexes                        3
   c - Gell's Gravitas                Translocation                3
   d - Petrify                        Transmutation/Earth          4
   e - Metabolic Englaciation         Hexes/Ice                    5
   f - Yara's Violent Unravelling     Hexes/Transmutation          5
Comestibles
 b - 7 bread rations
 l - a meat ration
 p - 2 royal jellies
 A - 2 fruits


   Skills:
 + Level 3.0 Fighting
   Level 2.6 Short Blades
   Level 0.6 Axes
 + Level 3.3 Dodging
 - Level 1.7 Stealth
 + Level 6.7 Spellcasting
 + Level 1.6 Conjurations
 * Level 1.2 Transmutations
 + Level 4.4 Air Magic
 * Level 0.6 Earth Magic
 + Level 6.4 Poison Magic
 + Level 5.2 Evocations


You had 2 spell levels left.
You knew the following spells:

 Your Spells              Type           Power        Failure   Level  Hunger
a - Sting                 Conj/Pois      ####         1%          1    None
b - Poisonous Vapours     Pois/Air       ####..       1%          2    None
c - Mephitic Cloud        Conj/Pois/Air  ####....     4%          3    #......
d - Olgreb's Toxic Radia  Pois           #####...     6%          4    ###....
e - Venom Bolt            Conj/Pois      ####......   41%         5    #####..
f - Petrify               Tmut/Erth      ##......     50%         4    ###....


Dungeon Overview and Level Annotations

Branches:
Dungeon (7/15)             Temple (1/1) D:6

Altars:
Ashenzari
Cheibriados
Dithmenos
Elyvilon
Fedhas
Gozag
Kikubaaqudgha
Nemelex Xobeh
Okawaru
Qazlal
Ru
Sif Muna
Trog
Vehumet
Xom
Yredelemnul
Zin
The Shining One


Innate Abilities, Weirdness & Mutations

You can breathe bolts of dispelling energy.
Your rich purple scales are hard. (AC +7)
You cannot fit into any form of body armour.
You are cold-blooded and may be slowed by cold attacks.


Message History

The eight-headed hydra bites you! x2
Evoke which item? (* to show all) (? for menu, Esc to quit)
Aiming: Throw Flame
Press: ? - help, Shift-Dir - straight line, f/p - eight-headed hydra
Aim: an eight-headed hydra (heavily wounded)
The puff of flame hits the eight-headed hydra.
The eight-headed hydra is severely wounded.
This wand has 12 charges left.
The eight-headed hydra bites you!
You block the eight-headed hydra's attack. x3
The eight-headed hydra barely misses you.
The eight-headed hydra closely misses you.
The eight-headed hydra bites you but does no damage.
The eight-headed hydra bites you!
* * * LOW HITPOINT WARNING * * *
You feel much better. The eight-headed hydra bites you!
* * * LOW HITPOINT WARNING * * *
The eight-headed hydra bites you!
* * * LOW HITPOINT WARNING * * *
The eight-headed hydra bites you.
You die...

#.# #.. # #.## ### # #..# ###
# ##.# ..# # #.# #.# # #.#
#.###### #># #.##....
########.#############.#...##
#..........D@................
#.#######.############.#.....
#.# #># #.##.#.# #.# #.#
#....#.# #.# #.# ######.# #.#
#.# #.# #.# #.# #.# ##.##
####.# #"# #...###.>..# #.#


You could see an eight-headed hydra.

Vanquished Creatures
  The ghost of MDvedh the Cleaver, an amateur HOGl of Beogh (D:5)
  Eustachio (D:5)
  Menkaure (D:7)
  A phantom (D:5)
  3 ogres
  2 centaurs
  2 big kobolds
  2 bullfrogs
  2 scorpions
  4 howler monkeys
  A crimson imp (D:7)
  4 hounds
  A bullfrog zombie (D:6)
  2 bullfrog skeletons
  2 iguanas (D:4)
  2 orc wizards (D:5)
  2 worker ants
  A hound zombie (D:7)
  12 adders
  A shadow imp (D:5)
  An ooze (D:3)
  4 worms
  3 dart slugs
  3 leopard geckos
  12 orcs
  5 ball pythons
  9 giant cockroaches
  10 goblins
  4 hobgoblins
  6 jackals
  A quokka (D:5)
  4 bats
  4 frilled lizards
  A jackal skeleton (D:6)
  13 kobolds
  A leopard gecko skeleton (D:5)
  A quokka skeleton (D:4)
  13 rats
142 creatures vanquished.

Vanquished Creatures (others)
  A centaur (D:7)
1 creature vanquished.

Grand Total: 143 creatures vanquished

Notes
Turn   | Place    | Note
-------+----------+-------------------------------------------
     0 | D:1      | Inarius the Draconian Venom Mage began the quest for the Orb.
     0 | D:1      | Reached XP level 1. HP: 14/14 MP: 3/3
   223 | D:1      | Reached XP level 2. HP: 20/20 MP: 0/5
   230 | D:1      | Learned a level 2 spell: Poisonous Vapours
  1156 | D:2      | Reached XP level 3. HP: 26/26 MP: 3/6
  1161 | D:2      | Learned a level 3 spell: Mephitic Cloud
  1900 | D:3      | Reached XP level 4. HP: 29/34 MP: 0/7
  2169 | D:3      | Found an opulent altar of Gozag.
  2895 | D:3      | Reached skill level 1 in Air Magic
  2895 | D:3      | Reached skill level 1 in Evocations
  2984 | D:3      | Reached XP level 5. HP: 37/39 MP: 5/8
  3382 | D:4      | Reached skill level 1 in Fighting
  3776 | D:4      | Reached XP level 6. HP: 39/47 MP: 10/10
  3782 | D:4      | Learned a level 4 spell: Olgreb's Toxic Radiance
  4216 | D:4      | Reached skill level 1 in Short Blades
  4461 | D:4      | Found a stormy altar of Qazlal.
  4714 | D:4      | Reached skill level 5 in Poison Magic
  4714 | D:4      | Your scales start taking on a rich purple colour.
  4714 | D:4      | Reached XP level 7. HP: 52/52 MP: 3/13
  4818 | D:5      | Entered Level 5 of the Dungeon
  4870 | D:5      | Noticed MDvedh's ghost (amateur HOGl)
  4916 | D:5      | Killed MDvedh's ghost
  5206 | D:5      | Found a glowing golden altar of the Shining One.
  5304 | D:5      | Noticed Eustachio
  5347 | D:5      | Killed Eustachio
  5347 | D:5      | Reached skill level 5 in Spellcasting
  5504 | D:5      | Reached XP level 8. HP: 31/61 MP: 12/15
  5844 | D:5      | Learned a level 5 spell: Venom Bolt
  5880 | D:5      | Found a deep blue altar of Sif Muna.
  6658 | D:6      | Found a snail-covered altar of Cheibriados.
  6720 | D:6      | Found a glowing drain.
  6759 | Sewer    | Entered a sewer
  7116 | Sewer    | Found a white marble altar of Elyvilon.
  7237 | D:6      | Found a staircase to the Ecumenical Temple.
  7253 | Temple   | Entered the Ecumenical Temple
  7313 | Temple   | Became a worshipper of Vehumet
  7373 | D:6      | Reached skill level 5 in Evocations
  7606 | D:6      | Found a sacrificial altar of Ru.
  8343 | D:7      | Got a bone trident
  8344 | D:7      | Identified the +4 trident "Atuing" {venom, Stlth+} (You found it on level 7 of the Dungeon)
  8523 | D:7      | Learned a level 4 spell: Petrify
  8619 | D:7      | Noticed an eight-headed hydra
  8787 | D:7      | Noticed Menkaure
  8823 | D:7      | Killed Menkaure
  8823 | D:7      | Reached skill level 1 in Transmutations
  8823 | D:7      | Reached XP level 9. HP: 42/68 MP: 9/18
  9049 | D:7      | HP: 2/69 [eight-headed hydra (14)]
  9049 | D:7      | Slain by an eight-headed hydra

Skill      XL: |  1  2  3  4  5  6  7  8  9 |
---------------+----------------------------+-----
Dodging        | 2 3 |  3.3
Poison Magic   | 4 5 6 |  6.4
Air Magic      | 1 2 3 4 |  4.4
Evocations     | 1 2 3 5 |  5.2
Fighting       | 1 2 3 |  3.0
Spellcasting   | 4 5 6 |  6.7
Short Blades   | 1 2 |  2.6
Transmutations | 1 |  1.2
Axes           | |  0.6
Stealth        | |  1.7
Conjurations   | |  1.6
Earth Magic    | |  0.6

Action                   |  1- 3 |  4- 6 |  7- 9 || total
-------------------------+-------+-------+-------++-------
Melee: Unarmed           |    11 |       |       ||    11
       Dagger            |    25 |    48 |    17 ||    90
       Tailslap          |     6 |     8 |    20 ||    34
       Hand axe          |    23 |    20 |       ||    43
       Rapier            |       |       |    75 ||    75
       Trident           |       |       |    25 ||    25
 Cast: Sting             |    47 |     7 |    10 ||    64
       Poisonous Vapours |     7 |    47 |    69 ||   123
       Olgreb's Toxic Ra |       |       |     3 ||     3
       Petrify           |       |       |     1 ||     1
 Abil: Breathe Dispellin |       |       |     3 ||     3
       Stop Flying       |       |       |     1 ||     1
       Evoke Flight      |       |       |     1 ||     1
Evoke: Wand              |       |       |    35 ||    35
  Use: Scroll            |     4 |     4 |     2 ||    10
       Potion            |       |     3 |     1 ||     4
 Stab: Sleeping          |     1 |     4 |     2 ||     7
  Eat: Chunk             |     4 |    11 |    10 ||    25
       Meat ration       |       |       |     2 ||     2
Armor: Skin              |    25 |    16 |    40 ||    81
Dodge: Dodged            |    49 |    23 |    64 ||   136
Block: Other             |       |     9 |    23 ||    32
       Reflection        |       |       |     5 ||     5
